[Event "Deutscher Jugend Online Cup 2020"]
[Site "Tornelo"]
[Date "2020.11.14"]
[Round "5.4"]
[White "Becker, Linda"]
[Black "Pohle, Saskia"]
[Result "1-0"]
[ECO "C45"]
[WhiteElo "1763"]
[BlackElo "1815"]
[Annotator "NA RC"]
[PlyCount "78"]
[EventDate "2020.11.13"]
[EventType "k.o."]
[SourceTitle "playchess.com"]
[Source "ChessBase"]
[SourceQuality "1"]
[TimeControl "600+3"]

1. e4 e5 2. Nf3 Nc6 3. d4 exd4 4. Nxd4 Bc5 5. Nb3 Bb6 6. Nc3 Nf6 7. Qe2 d6 8. Bg5 O-O 9. O-O-O h6 10. Bh4 a5 11. a4 Nb4 12. f3 Be6 13. e5 (13. Nd4 $14) 13... Bxb3 (13... Re8 $1 $11 14. Nd2 Bf5) 14. cxb3 Re8 15. f4 Qd7 16. Qf3 $2 {[%emt 0:00:54] [#]} (16. Bxf6 $14 gxf6 17. Qh5 Be3+ 18. Kb1 fxe5 19. Bc4 exf4 20. Qg6+ Kf8 21. Qxh6+ Ke7 22. Qg5+ f6 23. Qg6) 16... Nh7 $2 (16... Ng4 $1 $17 17. Qe4 Ne3) 17. Bb5 c6 18. Rxd6 Qc7 19. Bc4 Bc5 20. Rdd1 Nf8 21. g4 Ne6 22. Ne4 Nd4 23. Qg3 Ba7 24. g5 Nf5 25. Qh3 Nxh4 26. Qxh4 hxg5 27. Nxg5 Nd5 28. Qh7+ Kf8 29. Qh8+ Ke7 30. Qxg7 Rf8 31. Kb1 Rad8 32. e6 Qxf4 33. Rhf1 Qc7 34. Rxf7+ Rxf7 35. Qxf7+ Kd6 36. Ne4+ Ke5 37. Rxd5+ cxd5 38. Qxc7+ Kxe4 39. Qxd8 dxc4 1-0

[Event "Deutscher Jugend Online Cup 2020"]
[Site "Tornelo"]
[Date "2020.11.14"]
[Round "5.5"]
[White "Trunz, Michelle"]
[Black "Braeutigam, Katerina"]
[Result "1-0"]
[ECO "E34"]
[WhiteElo "1673"]
[BlackElo "1737"]
[Annotator "NA RC"]
[PlyCount "135"]
[EventDate "2020.11.13"]
[EventType "k.o."]
[SourceTitle "playchess.com"]
[Source "ChessBase"]
[SourceQuality "1"]
[TimeControl "600+3"]

1. d4 Nf6 2. c4 e6 3. Nc3 Bb4 4. Qc2 d5 5. e3 Bxc3+ 6. Qxc3 Ne4 7. Qc2 Nd7 8. Nf3 b6 9. Bd3 Ndf6 10. O-O O-O 11. b3 c5 12. cxd5 exd5 13. Ba3 Bb7 14. Rac1 Rc8 15. Qb2 Re8 16. Bb5 Re6 17. Ne5 Nd6 18. Bd3 cxd4 19. exd4 Nd7 20. Bxd6 Rxd6 21. Bf5 Nxe5 22. dxe5 Rxc1 23. Rxc1 Rc6 24. Rxc6 Bxc6 25. Qc2 Bd7 26. Bxh7+ Kh8 27. Bd3 Qc8 28. Qxc8+ Bxc8 29. Kf1 Bb7 30. Ke2 Kg8 31. f3 d4 32. Be4 Ba6+ 33. Bd3 Bb7 34. Bc4 a6 35. b4 b5 36. Bb3 Kf8 37. Kd3 Ke7 38. Kxd4 f6 39. exf6+ Kxf6 40. Bd5 Bc8 41. f4 Kf5 42. g3 Kg4 43. Bg2 Be6 44. a3 Bc8 45. Kc5 Bd7 46. Kd6 Bc8 47. Kc7 Be6 48. Kb7 Bc4 49. Kxa6 Bd3 50. Ka5 Bc4 51. a4 bxa4 52. Kxa4 Kf5 53. Ka5 Ke6 54. b5 Kd7 55. Bc6+ Kc7 56. g4 Be2 57. h3 Bf1 58. h4 Be2 59. g5 Bg4 60. Be4 Kb8 61. b6 Bd1 62. f5 Bb3 63. h5 Bg8 64. h6 gxh6 65. gxh6 Bh7 66. Bd3 Kb7 67. Kb5 Kb8 68. Ka6 1-0

[Event "Deutscher Jugend Online Cup 2020"]
[Site "Tornelo"]
[Date "2020.11.14"]
[Round "5.5"]
[White "Goldmann, David"]
[Black "Besou, Hussain"]
[Result "0-1"]
[ECO "B24"]
[WhiteElo "1644"]
[BlackElo "1804"]
[Annotator "NA RC"]
[PlyCount "50"]
[EventDate "2020.11.13"]
[EventType "k.o."]
[SourceTitle "playchess.com"]
[Source "ChessBase"]
[SourceQuality "1"]
[TimeControl "600+3"]

1. e4 c5 2. Nc3 Nc6 3. g3 g6 4. Bg2 Bg7 5. Nge2 h5 6. O-O h4 7. d3 d6 8. Bg5 hxg3 9. fxg3 Nf6 10. Bxf6 Bxf6 11. Rb1 Bg4 12. Nd5 Nd4 13. Nxf6+ exf6 14. Re1 Nxe2+ 15. Rxe2 Bxe2 16. Qxe2 Qe7 17. c3 f5 18. Rf1 fxe4 19. Bxe4 f5 20. Re1 fxe4 21. Qg4 e3 22. Qxg6+ Kd7 23. Qg4+ Kc7 24. Qf4 Rae8 25. Kg2 Rhf8 0-1

[Event "Deutscher Jugend Online Cup 2020"]
[Site "Tornelo"]
[Date "2020.11.14"]
[Round "5.6"]
[White "B___, L___"]
[Black "Sickmann, Lisa"]
[Result "0-1"]
[ECO "C67"]
[WhiteElo "1348"]
[BlackElo "1510"]
[Annotator "NA RC"]
[PlyCount "86"]
[EventDate "2020.11.13"]
[EventType "k.o."]
[SourceTitle "playchess.com"]
[Source "ChessBase"]
[SourceQuality "1"]
[TimeControl "600+3"]

1. e4 e5 2. Nf3 Nc6 3. Bb5 Nf6 4. O-O Nxe4 5. d4 Nd6 6. dxe5 Nxb5 7. Nc3 Nxc3 8. bxc3 Be7 9. Bf4 O-O 10. Nd4 Nxd4 11. cxd4 d6 12. Qf3 c6 13. Qg3 Bh4 14. Qf3 dxe5 15. Bxe5 Bf6 16. Rfe1 Bxe5 17. Rxe5 Qf6 18. Qg3 Bf5 19. c3 Bg6 20. Rae1 Qd6 21. Re7 Qxg3 22. hxg3 Rab8 23. Rd7 Bf5 24. Rc7 Be6 25. a4 Rfc8 26. Rxc8+ Rxc8 27. Rb1 Rb8 28. a5 b6 29. axb6 Rxb6 30. Rxb6 axb6 31. Kf1 Kf8 32. Ke2 Ke7 33. Kd3 Kd6 34. Ke4 Bd5+ 35. Kf5 Bxg2 36. f4 c5 37. dxc5+ bxc5 38. Kg5 Kd5 39. Kf5 Be4+ 40. Kg4 Kc4 41. f5 Kxc3 42. Kf4 Bxf5 43. Kxf5 Kd3 0-1

[Event "Deutscher Jugend Online Cup 2020"]
[Site "Tornelo"]
[Date "2020.11.14"]
[Round "5.7"]
[White "Zhou, Lepu Coco"]
[Black "Bildat, Emilia"]
[Result "0-1"]
[ECO "B38"]
[WhiteElo "1882"]
[BlackElo "1852"]
[Annotator "NA RC"]
[PlyCount "54"]
[EventDate "2020.11.13"]
[EventType "k.o."]
[SourceTitle "playchess.com"]
[Source "ChessBase"]
[SourceQuality "1"]
[TimeControl "600+3"]

1. e4 c5 2. Nf3 g6 3. c4 Bg7 4. d4 cxd4 5. Nxd4 Nc6 6. Be3 Nf6 7. Nc3 O-O 8. Be2 d6 9. O-O Bd7 10. Rc1 Nxd4 11. Bxd4 Bc6 12. f3 Nd7 13. b4 $14 Bxd4+ 14. Qxd4 b6 15. Rfd1 Rc8 16. Nd5 Bxd5 17. exd5 a5 18. a3 axb4 19. axb4 Ra8 20. Ra1 Qc7 21. Rxa8 Rxa8 22. Ra1 Rxa1+ 23. Qxa1 Ne5 24. f4 Nxc4 25. Qa8+ Kg7 26. Qc6 Qa7 27. Qxc4 b5+ 0-1

[Event "Deutscher Jugend Online Cup 2020"]
[Site "Tornelo"]
[Date "2020.11.14"]
[Round "5.7"]
[White "Trunz, Tamila"]
[Black "Kutz, Ida"]
[Result "1-0"]
[ECO "B24"]
[WhiteElo "1379"]
[BlackElo "1269"]
[Annotator "NA RC"]
[PlyCount "107"]
[EventDate "2020.11.13"]
[EventType "k.o."]
[SourceTitle "playchess.com"]
[Source "ChessBase"]
[SourceQuality "1"]
[TimeControl "600+3"]

1. e4 c5 2. Nc3 e6 3. g3 a6 4. Bg2 Nc6 5. d3 Nf6 6. h3 Be7 7. Be3 O-O 8. Nge2 d5 9. exd5 exd5 10. d4 cxd4 11. Nxd4 Nxd4 12. Bxd4 Re8 13. O-O Bd6 14. Bxf6 Qxf6 15. Bxd5 Bxh3 16. Re1 Bc5 17. Qd2 Qd6 18. Kh2 Bg4 19. Ne4 Qb6 20. Bxf7+ Kxf7 21. Qd5+ Be6 22. Qxc5 Qxc5 23. Nxc5 b6 24. Nxe6 Rxe6 25. Rxe6 Kxe6 26. c4 Rf8 27. Kg2 Rf5 28. b3 b5 29. cxb5 axb5 30. a4 bxa4 31. bxa4 Ra5 32. Kf3 Rf5+ 33. Ke3 Ra5 34. Kd4 Kd6 35. Kc4 Kc6 36. Kb4 Kb6 37. Rd1 Rc5 38. Rd6+ Rc6 39. a5+ Kc7 40. Rxc6+ Kxc6 41. Kc4 g6 42. g4 h6 43. Kd4 Kb5 44. Ke5 Kxa5 45. Kf6 Kb5 46. Kxg6 Kc5 47. Kxh6 Kd5 48. f4 Ke6 49. f5+ Kf7 50. g5 Kg8 51. g6 Kh8 52. f6 Kg8 53. f7+ Kh8 54. g7# 1-0

[Event "Deutscher Jugend Online Cup 2020"]
[Site "Tornelo"]
[Date "2020.11.14"]
[Round "5.7"]
[White "Haug, Mara"]
[Black "Wartenberg, Alissa"]
[Result "1/2-1/2"]
[ECO "C50"]
[WhiteElo "1356"]
[BlackElo "1463"]
[Annotator "NA RC"]
[PlyCount "128"]
[EventDate "2020.11.13"]
[EventType "k.o."]
[SourceTitle "playchess.com"]
[Source "ChessBase"]
[SourceQuality "1"]
[TimeControl "600+3"]

1. e4 e5 2. Nf3 Nc6 3. Bc4 Bc5 4. O-O Nf6 5. d4 Bxd4 6. Nxd4 Nxd4 7. Bg5 d6 8. f4 Qe7 9. fxe5 dxe5 10. Kh1 Rg8 11. c3 Ne6 12. Bxf6 gxf6 13. Qf3 Nf4 14. g3 Bg4 15. Qe3 Ne6 16. Na3 a6 17. Nc2 Ng5 18. Nb4 Bf3+ 19. Rxf3 Nxf3 20. Qxf3 c6 21. Qh5 Rg7 22. Qh6 Kf8 23. Nd3 Kg8 24. Rf1 Rg6 25. Qh5 Rd8 26. Nf2 Qc5 27. Bb3 Rd2 28. Nd1 Qe7 29. Qh4 Rd6 30. Qh3 Qd7 31. Qg2 Rd2 32. Qf3 Rh6 33. Rf2 Rxf2 34. Qxf2 Qd3 35. Ne3 Qxe4+ 36. Kg1 Qb1+ 37. Kg2 Qe4+ 38. Kg1 Qg6 39. Nf5 Kf8 40. Nxh6 Qxh6 41. Qc5+ Kg7 42. Qf2 Qc1+ 43. Kg2 Qb1 44. Qe2 Qf5 45. Bc2 Qg5 46. Qd3 Qh5 47. Qe4 Qh6 48. Qg4+ Kh8 49. Qc8+ Kg7 50. Qg4+ Kh8 51. Qe2 Kg7 52. Bb3 Qg5 53. h4 Qg6 54. Bc2 Qh6 55. Qg4+ Kh8 56. Kh3 Qf8 57. Qf5 Qh6 58. Qc8+ Kg7 59. Qxb7 Qc1 60. Bb3 Qf1+ 61. Kg4 Qe2+ 62. Kh3 Qf1+ 63. Kh2 Qf2+ 64. Kh3 Qf1+ 1/2-1/2

[Event "Deutscher Jugend Online Cup 2020"]
[Site "Tornelo"]
[Date "2020.11.14"]
[Round "6.1"]
[White "Pohle, Saskia"]
[Black "Becker, Linda"]
[Result "1/2-1/2"]
[ECO "C08"]
[WhiteElo "1815"]
[BlackElo "1763"]
[Annotator "NA RC"]
[PlyCount "98"]
[EventDate "2020.11.13"]
[EventType "k.o."]
[SourceTitle "playchess.com"]
[Source "ChessBase"]
[SourceQuality "1"]
[TimeControl "600+3"]

1. e4 e6 2. d4 d5 3. Nd2 c5 4. exd5 exd5 5. Ngf3 Nf6 6. h3 Nc6 7. Bb5 Be7 8. dxc5 Bxc5 9. O-O O-O 10. Nb3 Bb6 11. Bg5 Qd6 12. c3 Ne4 13. Bh4 a6 14. Bd3 Bf5 15. Bxe4 Bxe4 16. Nfd4 Qg6 17. Bg3 Rfe8 18. Qd2 Rad8 19. Rfe1 h5 20. Qf4 Nxd4 21. Nxd4 Bxd4 22. cxd4 Rc8 23. Rac1 Qf5 24. Qd2 Qg6 25. h4 Qb6 26. Be5 Qg6 27. Bg3 Qb6 28. b3 Qb5 29. Qg5 Bg6 30. Be5 Qd3 31. Rcd1 Qf5 32. Qg3 Rc2 33. a3 Rec8 34. b4 R8c3 35. Re3 Rxe3 36. Qxe3 Qe4 37. Qg3 Re2 38. Kh2 Re1 39. Rd2 Rc1 40. Qg5 Qe1 41. Qd8+ Kh7 42. Qg5 Qg1+ 43. Kg3 Rc3+ 44. f3 Qe1+ 45. Kh2 Rc1 46. Qf4 Qh1+ 47. Kg3 Qe1+ 48. Kh2 Qh1+ 49. Kg3 Qe1+ 1/2-1/2

[Event "Deutscher Jugend Online Cup 2020"]
[Site "Tornelo"]
[Date "2020.11.14"]
[Round "6.2"]
[White "Bildat, Emilia"]
[Black "Zhou, Lepu Coco"]
[Result "1-0"]
[ECO "A11"]
[WhiteElo "1852"]
[BlackElo "1882"]
[Annotator "NA RC"]
[PlyCount "93"]
[EventDate "2020.11.13"]
[EventType "k.o."]
[SourceTitle "playchess.com"]
[Source "ChessBase"]
[SourceQuality "1"]
[TimeControl "600+3"]

1. c4 Nf6 2. g3 c6 3. Bg2 d5 4. Nf3 dxc4 5. Qc2 Qd5 6. Na3 b5 7. O-O Bf5 8. Qd1 e6 9. Nc2 Bxc2 10. Qxc2 Be7 11. Rd1 O-O 12. d3 cxd3 13. Rxd3 Qh5 14. Nd4 Ng4 15. h3 Ne5 16. Rd1 a6 17. Bf4 Nbd7 18. g4 Qg6 19. Qxg6 Nxg6 20. Nxc6 Bh4 21. Rxd7 Nxf4 22. Ne7+ Bxe7 23. Bxa8 Bf6 24. Bb7 Nxh3+ 25. Kf1 Bxb2 26. Rb1 Bf6 27. Bxa6 Bh4 28. f3 f5 29. Rxb5 fxg4 30. Rbb7 Bf6 31. Bc4 gxf3 32. exf3 Re8 33. Rb6 Nf4 34. a4 Rc8 35. Bxe6+ Kh8 36. a5 Rc1+ 37. Kf2 Nh3+ 38. Ke3 Bg5+ 39. Ke4 Re1+ 40. Kd5 Rd1+ 41. Kc6 Rc1+ 42. Kb7 Nf4 43. a6 Nxe6 44. Rxe6 h6 45. a7 Rb1+ 46. Rb6 Rxb6+ 47. Kxb6 1-0

[Event "Deutscher Jugend Online Cup 2020"]
[Site "Tornelo"]
[Date "2020.11.14"]
[Round "6.4"]
[White "Kempe, Caius Emilian"]
[Black "Costa, Leonardo"]
[Result "0-1"]
[ECO "A01"]
[WhiteElo "1865"]
[BlackElo "2165"]
[Annotator "RC"]
[PlyCount "30"]
[EventDate "2020.11.13"]
[EventType "k.o."]
[SourceTitle "playchess.com"]
[Source "ChessBase"]
[SourceQuality "1"]
[TimeControl "600+3"]

1. b3 Nf6 2. Bb2 g6 3. d3 Bg7 4. e3 O-O 5. Nd2 d6 6. f4 c5 7. Ngf3 Nc6 8. h3 e6 9. Be2 Nd5 10. Bxg7 Nxe3 11. Qc1 Kxg7 12. Ne4 Nxg2+ 13. Kf2 Nh4 14. Nxd6 Nxf3 15. Qb2+ Nfd4 0-1

[Event "Deutscher Jugend Online Cup 2020"]
[Site "Tornelo"]
[Date "2020.11.14"]
[Round "6.4"]
[White "Braeutigam, Katerina"]
[Black "Trunz, Michelle"]
[Result "0-1"]
[ECO "B24"]
[WhiteElo "1737"]
[BlackElo "1673"]
[Annotator "NA RC"]
[PlyCount "80"]
[EventDate "2020.11.13"]
[EventType "k.o."]
[SourceTitle "playchess.com"]
[Source "ChessBase"]
[SourceQuality "1"]
[TimeControl "600+3"]

1. e4 c5 2. Nc3 d6 3. g3 Nf6 4. Bg2 e6 5. d3 Be7 6. f4 Nc6 7. Nf3 Qc7 8. O-O a6 9. a4 O-O 10. Be3 Rd8 11. d4 cxd4 12. Nxd4 Nxd4 13. Bxd4 Bd7 14. a5 Re8 15. Qf3 Bc6 16. Qf2 Qc8 17. e5 Bxg2 18. Kxg2 Ng4 19. Qf3 Nh6 20. Qd3 d5 21. h3 Nf5 22. Bg1 Qc6 23. Kh2 g6 24. g4 Nh6 25. Be3 Bf8 26. Qd2 f5 27. exf6 Nf7 28. f5 Bd6+ 29. Kg1 Rad8 30. fxg6 hxg6 31. Qd3 Kh7 32. h4 Ne5 33. Qe2 Nf7 34. h5 Rg8 35. Rf3 Ne5 36. hxg6+ Rxg6 37. Rh3+ Kg8 38. Rf1 Nxg4 39. f7+ Kg7 40. Bd4+ e5 0-1

[Event "Deutscher Jugend Online Cup 2020"]
[Site "Tornelo"]
[Date "2020.11.14"]
[Round "6.4"]
[White "Kutz, Ida"]
[Black "Trunz, Tamila"]
[Result "0-1"]
[ECO "A21"]
[WhiteElo "1269"]
[BlackElo "1379"]
[Annotator "NA RC"]
[PlyCount "104"]
[EventDate "2020.11.13"]
[EventType "k.o."]
[SourceTitle "playchess.com"]
[Source "ChessBase"]
[SourceQuality "1"]
[TimeControl "600+3"]

1. c4 e5 2. Nc3 f5 3. d3 Nf6 4. Nf3 Nc6 5. g3 Be7 6. Bg2 d6 7. O-O O-O 8. Re1 h6 9. e4 fxe4 10. dxe4 Bg4 11. Nd5 Nxd5 12. cxd5 Nd4 13. Re3 Bg5 14. Rd3 Qf6 15. Bxg5 hxg5 16. h3 Nxf3+ 17. Bxf3 Bxf3 18. Qd2 Bxe4 19. Rc3 Rf7 20. Re3 Qf5 21. g4 Qf4 22. Rd1 Raf8 23. Re2 Qf3 24. Rxe4 Qxe4 25. Qe3 Qxe3 26. fxe3 Rf3 27. Kg2 Rxe3 28. Rd2 e4 29. Rc2 Rf7 30. a3 Rd3 31. Re2 e3 32. Kg3 Re7 33. Kf3 Rd2 34. Rxe3 Rxe3+ 35. Kxe3 Rxb2 36. Ke4 c6 37. Kd4 c5+ 38. Kc4 b5+ 39. Kd3 b4 40. axb4 cxb4 41. Kc4 a5 42. Kb5 a4 43. Kxa4 b3 44. Ka3 Rb1 45. Kb4 Kf7 46. Kc4 Kf6 47. Kd4 Rc1 48. Kd3 b2 49. Kd2 b1=Q 50. Ke3 Qb3+ 51. Kd4 Qc3+ 52. Ke4 Re1# 0-1

[Event "Deutscher Jugend Online Cup 2020"]
[Site "Tornelo"]
[Date "2020.11.14"]
[Round "6.5"]
[White "Sickmann, Lisa"]
[Black "B___, L___"]
[Result "1-0"]
[ECO "B76"]
[WhiteElo "1510"]
[BlackElo "1348"]
[Annotator "NA RC"]
[PlyCount "63"]
[EventDate "2020.11.13"]
[EventType "k.o."]
[SourceTitle "playchess.com"]
[Source "ChessBase"]
[SourceQuality "1"]
[TimeControl "600+3"]

1. e4 c5 2. Nf3 g6 3. d4 cxd4 4. Nxd4 Nc6 5. Be3 Nf6 6. Nc3 d6 7. f3 Bg7 8. Qd2 O-O 9. g4 Be6 10. Nxe6 fxe6 11. O-O-O Qa5 12. Bc4 Kf7 13. g5 Nh5 14. f4 a6 15. f5 Ne5 16. Bxe6+ Ke8 17. Nd5 Qxd2+ 18. Rxd2 Rb8 19. Ba7 Ra8 20. Nc7+ Kd8 21. Nxa8 Nd7 22. Bb6+ Nxb6 23. Nxb6 Kc7 24. Nd5+ Kd8 25. f6 exf6 26. Nxf6 Nxf6 27. gxf6 Rxf6 28. Rxd6+ Ke7 29. Rd7+ Kxe6 30. Rxg7 Rf7 31. Rxf7 Kxf7 32. Re1 1-0

[Event "Deutscher Jugend Online Cup 2020"]
[Site "Tornelo"]
[Date "2020.11.14"]
[Round "6.6"]
[White "Buchinger, Alexis"]
[Black "Marcziter, Alex"]
[Result "0-1"]
[ECO "C54"]
[WhiteElo "1496"]
[BlackElo "1401"]
[Annotator "NA RC"]
[PlyCount "108"]
[EventDate "2020.11.13"]
[EventType "k.o."]
[SourceTitle "playchess.com"]
[Source "ChessBase"]
[SourceQuality "1"]
[TimeControl "600+3"]

1. e4 e5 2. Nf3 Nc6 3. Bc4 Nf6 4. d3 Bc5 5. c3 d6 6. O-O h6 7. Re1 O-O 8. Nbd2 Be6 9. a4 Bxc4 10. Nxc4 a6 11. b4 Ba7 12. Be3 Ne7 13. Bxa7 Rxa7 14. d4 exd4 15. cxd4 Ng6 16. e5 dxe5 17. Nfxe5 Nf4 18. Qf3 N6d5 19. Ne3 Nxe3 20. fxe3 Nd5 21. Rf1 Nxb4 22. Nxf7 Qe7 23. Qh5 Rxf7 24. Rxf7 Qxf7 25. Qc5 Nc6 26. d5 Qe7 27. Rc1 Qxc5 28. Rxc5 Ne7 29. e4 b6 30. Rc1 b5 31. axb5 axb5 32. Rd1 Kf7 33. e5 b4 34. d6 cxd6 35. exd6 Rd7 36. Rf1+ Ke6 37. dxe7 Kxe7 38. Rb1 Rb7 39. Kf2 Kd6 40. Ke3 Kc5 41. Rc1+ Kb5 42. Kd3 Ka4 43. Rb1 Ka3 44. h4 Ka2 45. Re1 b3 46. Re6 b2 47. Ra6+ Kb3 48. Rg6 b1=Q+ 49. Ke3 Qxg6 50. Kf2 Re7 51. g3 Qf5+ 52. Kg1 Re1+ 53. Kg2 Qf1+ 54. Kh2 Qh1# 0-1

[Event "Deutscher Jugend Online Cup 2020"]
[Site "Tornelo"]
[Date "2020.11.14"]
[Round "6.6"]
[White "Wartenberg, Alissa"]
[Black "Haug, Mara"]
[Result "1-0"]
[ECO "B39"]
[WhiteElo "1463"]
[BlackElo "1356"]
[Annotator "NA RC"]
[PlyCount "127"]
[EventDate "2020.11.13"]
[EventType "k.o."]
[SourceTitle "playchess.com"]
[Source "ChessBase"]
[SourceQuality "1"]
[TimeControl "600+3"]

1. e4 c5 2. Nf3 Nc6 3. d4 cxd4 4. Nxd4 g6 5. c4 Bg7 6. Be3 Nf6 7. Nc3 Ng4 8. Qxg4 Nxd4 9. Qd1 Nc6 10. Rc1 d6 11. Be2 Be6 12. Qd2 Ne5 13. b3 Ng4 14. Bxg4 Bxg4 15. f3 Bd7 16. Bd4 f6 17. Be3 h5 18. Ne2 Qc7 19. Nf4 g5 20. Nd5 Qc6 21. Qd3 b6 22. Bd4 Rc8 23. Bb2 Be6 24. Ne3 Qc5 25. Bd4 Qa5+ 26. Qd2 Qa6 27. O-O Bh6 28. Nf5 Bxf5 29. exf5 g4 30. f4 h4 31. Rfe1 Qb7 32. Bxf6 Rh7 33. Bxe7 Rxe7 34. Rxe7+ Kxe7 35. Re1+ Kd8 36. Qxd6+ Qd7 37. Qxh6 Qxf5 38. Qxh4+ Kc7 39. Qe7+ Kb8 40. Qe5+ Qxe5 41. fxe5 Re8 42. Kf2 Kc7 43. Kg3 Kd7 44. Kxg4 Ke6 45. Kh3 Kf5 46. g4+ Kf4 47. Kg2 Rg8 48. h3 Re8 49. e6 Kg5 50. e7 Kf6 51. Kg3 a6 52. h4 a5 53. g5+ Kg6 54. Kg4 Kg7 55. h5 Rb8 56. e8=Q Rxe8 57. Rxe8 Kf7 58. Rb8 Ke7 59. g6 Kd6 60. g7 Kc7 61. g8=Q b5 62. Qd8+ Kc6 63. Rb6+ Kc5 64. Qd6# 1-0

[Event "Deutscher Jugend Online Cup 2020"]
[Site "Tornelo"]
[Date "2020.11.14"]
[Round "6.7"]
[White "Besou, Hussain"]
[Black "Goldmann, David"]
[Result "0-1"]
[ECO "D06"]
[WhiteElo "1804"]
[BlackElo "1644"]
[Annotator "NA RC"]
[PlyCount "88"]
[EventDate "2020.11.13"]
[EventType "k.o."]
[SourceTitle "playchess.com"]
[Source "ChessBase"]
[SourceQuality "1"]
[TimeControl "600+3"]

1. d4 Nf6 2. c4 d5 3. cxd5 Qxd5 4. Nc3 Qd8 5. e4 e6 6. Be3 Bb4 7. Qc2 O-O 8. a3 Bxc3+ 9. bxc3 b6 10. Nf3 Bb7 11. Nd2 Qe7 12. Be2 Nbd7 13. O-O Rfc8 14. c4 c5 15. d5 exd5 16. exd5 Qd6 17. Qf5 g6 18. Qc2 Re8 19. a4 a5 20. Rfb1 h5 21. h3 Rab8 22. Rb2 Ne5 23. Rab1 Bc8 24. Nf3 Bf5 25. Qc1 Bxb1 26. Qxb1 Nxf3+ 27. Bxf3 Nd7 28. Rb3 Ne5 29. Be2 Qf6 30. Bxc5 Nd7 31. Be3 Rec8 32. Rb5 Qd6 33. Qe4 Re8 34. Qc2 Nf6 35. Qb2 Qe5 36. Qb1 Nd7 37. Bf1 Qd6 38. Qc1 Ne5 39. Qb2 Rec8 40. c5 bxc5 41. Rxb8 Rxb8 42. Qd2 Rb4 43. Bb5 Rb1+ 44. Bf1 Qa6 0-1

[Event "Deutscher Jugend Online Cup 2020"]
[Site "Tornelo"]
[Date "2020.11.14"]
[Round "7.2"]
[White "Zhou, Lepu Coco"]
[Black "Bildat, Emilia"]
[Result "1-0"]
[ECO "B38"]
[WhiteElo "1882"]
[BlackElo "1852"]
[Annotator "NA RC"]
[PlyCount "135"]
[EventDate "2020.11.13"]
[EventType "k.o."]
[SourceTitle "playchess.com"]
[Source "ChessBase"]
[SourceQuality "1"]
[TimeControl "600+3"]

1. e4 c5 2. Nf3 g6 3. c4 Bg7 4. d4 cxd4 5. Nxd4 Nc6 6. Be3 Nf6 7. Nc3 O-O 8. Be2 d6 9. O-O Bd7 10. Rc1 Nxd4 11. Bxd4 Bc6 12. f3 a5 13. b3 Nd7 14. Be3 Nc5 15. a3 a4 16. b4 Nb3 17. Rc2 Rc8 18. b5 Bd7 19. Nxa4 Ra8 20. Ra2 Nd4 21. Bxd4 Bxd4+ 22. Qxd4 Rxa4 23. Bd1 Ra8 24. a4 Qc7 25. Bb3 Rfc8 26. Rc2 Qc5 27. Rd1 Qxd4+ 28. Rxd4 Rc5 29. Rd5 b6 30. Rxc5 dxc5 31. Rd2 Be6 32. Kf2 Kg7 33. Ke3 Ra7 34. f4 Rd7 35. Rxd7 Bxd7 36. e5 Bf5 37. Bd1 h5 38. h3 h4 39. a5 bxa5 40. b6 (40. Bg4 $142 Be6 41. b6) 40... Bc8 41. Bf3 a4 42. Kd2 ({Don't go for} 42. b7 $2 {[#]} Bxb7 $1 43. Kd3 Bxf3 $19) 42... a3 43. Kc3 g5 44. b7 Bxb7 45. Bxb7 gxf4 46. Kb3 a2 47. Kxa2 Kg6 48. Be4+ Kg5 49. Kb3 f3 50. Bxf3 Kf4 51. Ka4 Kxe5 52. Kb5 Kd4 53. Bh5 f5 54. Bg6 f4 55. Bh5 e5 56. Bg4 e4 57. Bd1 e3 58. Be2 Kc3 59. Kxc5 Kd2 60. Bf3 e2 {[%emt 0:00:09] [#]} 61. Bxe2 Kxe2 62. Kd4 f3 63. gxf3 Kxf3 64. c5 Kg3 65. c6 Kxh3 66. c7 Kh2 67. c8=Q h3 68. Qg4 1-0

[Event "Deutscher Jugend Online Cup 2020"]
[Site "Tornelo"]
[Date "2020.11.14"]
[Round "7.3"]
[White "Marcziter, Alex"]
[Black "Buchinger, Alexis"]
[Result "1-0"]
[ECO "C54"]
[WhiteElo "1401"]
[BlackElo "1496"]
[Annotator "NA RC"]
[PlyCount "81"]
[EventDate "2020.11.13"]
[EventType "k.o."]
[SourceTitle "playchess.com"]
[Source "ChessBase"]
[SourceQuality "1"]
[TimeControl "600+3"]

1. e4 e5 2. Nf3 Nc6 3. Bc4 Bc5 4. c3 Nf6 5. d4 exd4 6. cxd4 Bb4+ 7. Nc3 Nxe4 8. O-O Bxc3 9. d5 Ne5 10. bxc3 Nxc4 11. Qd4 Ncd6 12. Qxg7 Qf6 13. Qxf6 Nxf6 14. Re1+ Nfe4 15. Nd2 f5 16. f3 Kf7 17. fxe4 Re8 18. e5 Nb5 19. Bb2 c6 20. d6 a5 21. a4 Na7 22. Nf3 b5 23. Nh4 f4 24. axb5 Nxb5 25. c4 Na7 26. Rxa5 Bb7 27. Rf1 Rg8 28. Rxf4+ Ke8 29. Nf5 c5 30. g3 Bc6 31. Ne7 Rb8 32. Rxa7 Rxb2 33. Nxc6 dxc6 34. Ra8+ Kd7 35. Rxg8 Rb1+ 36. Kg2 Rb2+ 37. Kh3 h5 38. Rg7+ Ke8 39. d7+ Kd8 40. Rf8+ Kc7 41. d8=Q# 1-0

[Event "Deutscher Jugend Online Cup 2020"]
[Site "Tornelo"]
[Date "2020.11.14"]
[Round "7.5"]
[White "Goldmann, David"]
[Black "Besou, Hussain"]
[Result "1-0"]
[ECO "B24"]
[WhiteElo "1644"]
[BlackElo "1804"]
[Annotator "NA RC"]
[PlyCount "139"]
[EventDate "2020.11.13"]
[EventType "k.o."]
[SourceTitle "playchess.com"]
[Source "ChessBase"]
[SourceQuality "1"]
[TimeControl "600+3"]

1. e4 c5 2. Nc3 Nc6 3. g3 g6 4. Bg2 Bg7 5. Nge2 d6 6. O-O h5 7. h4 e5 8. d3 Be6 9. f4 Qd7 10. Nd5 Nce7 11. c4 Bxd5 12. cxd5 Nh6 13. fxe5 Bxe5 14. Nc3 Bxg3 15. Qf3 Qg4 16. Bxh6 Rxh6 17. Qxf7+ Kd7 18. Rf3 Rhh8 19. Qe6+ Qxe6 20. dxe6+ Kxe6 21. Rxg3 Rag8 22. Bh3+ Kf6 23. Rf1+ Kg7 24. Rgf3 Rf8 25. Nb5 Rxf3 26. Rxf3 Rd8 27. Be6 Kh6 28. Rf7 Nc6 29. Rxb7 Ne5 30. Kg2 Nxd3 31. Kg3 a6 32. Nc3 Ne5 33. Rb6 a5 34. Nd5 Re8 35. Rxd6 Rf8 36. Bf5 Kh7 37. Re6 gxf5 38. Rxe5 fxe4 39. Rxe4 Rg8+ 40. Kf4 Rd8 41. Re5 Kg6 42. Rg5+ Kh6 43. Ne3 Rd4+ 44. Kf3 Rxh4 45. Rxc5 Rb4 46. b3 a4 47. Rc4 Rb7 48. Rxa4 Rb5 49. Rf4 Kg5 50. b4 h4 51. Rc4 Re5 52. Rc5 Rxc5 53. bxc5 Kf6 54. Ke4 Ke6 55. Kd4 h3 56. Ng4 Kf5 57. Nh2 Ke6 58. a4 Kd7 59. Kd5 Kc7 60. c6 Kb6 61. Kd6 Ka5 62. c7 Kxa4 63. c8=Q Kb4 64. Qc5+ Kb3 65. Kd5 Kb2 66. Kd4 Kb3 67. Qc3+ Ka2 68. Qb4 Ka1 69. Kc3 Ka2 70. Qb2# 1-0

[Event "Deutscher Jugend Online Cup 2020"]
[Site "Tornelo"]
[Date "2020.11.14"]
[Round "7.7"]
[White "Haug, Mara"]
[Black "Wartenberg, Alissa"]
[Result "1-0"]
[ECO "C50"]
[WhiteElo "1356"]
[BlackElo "1463"]
[Annotator "NA RC"]
[PlyCount "51"]
[EventDate "2020.11.13"]
[EventType "k.o."]
[SourceTitle "playchess.com"]
[Source "ChessBase"]
[SourceQuality "1"]
[TimeControl "600+3"]

1. e4 e5 2. Nf3 Nc6 3. Bc4 Bc5 4. O-O Nf6 5. d4 Bxd4 6. Nxd4 Nxd4 7. Bg5 d6 8. f4 Qe7 9. fxe5 dxe5 10. Kh1 Rg8 11. Nc3 Be6 12. Bxe6 Nxe6 13. Nd5 Qc5 14. Bxf6 gxf6 15. Nxf6+ Ke7 16. Qd7+ Kf8 17. Nxg8 Kxg8 18. Qxf7+ Kh8 19. Qxe6 Qxc2 20. Qxe5+ Kg8 21. Qg5+ Kh8 22. Qf6+ Kg8 23. Qf7+ Kh8 24. Rf2 Qxe4 25. Raf1 Qb4 26. Qxc7 1-0